 Dungeon Crawl Stone Soup version 0.22-a0-441-gcf5b0c6 (webtiles) character file.

759 xccam the Ruffian (level 7, -9/60 HPs)
             Began as a Minotaur Monk on May 30, 2018.
             Mangled by a hornet (16 damage)
             ... while paralysed by a hornet
             ... on level 7 of the Dungeon.
             The game lasted 00:14:34 (5033 turns).

xccam the Ruffian (Minotaur Monk)                   Turns: 5033, Time: 00:14:35

Health: -9/60      AC:  2    Str: 21    XL:     7   Next: 50%
Magic:  6/6        EV:  2    Int:  7    God:
Gold:   221        SH:  0    Dex: 14    Spells: 6/6 levels left

rFire    x . .     SeeInvis .     - Unarmed
rCold    + . .     Gourm    .   (no shield)
rNeg     . . .     Faith    .   (no armour)
rPois    .         Spirit   .   (helmet restricted)
rElec    .         Reflect  .   t - +0 cloak
rCorr    .         Harm     .   w - +0 pair of gloves
MR       .....                  (no boots)
Stlth    ++........             (no amulet)
HPRegen  0.20/turn              q - ring of ice
MPRegen  0.10/turn              (no ring)

@: paralysed, mighty, slowed
A: retaliatory headbutt, horns 2
a: no special abilities


You were on level 7 of the Dungeon.
You were not hungry.

You visited 1 branch of the dungeon, and saw 7 of its levels.

You collected 276 gold pieces.
You spent 55 gold pieces at shops.

Inventory:

Armour
 l - a +0 buckler
 t - a +0 cloak (worn)
 w - a +0 pair of gloves (worn)
Jewellery
 q - a ring of ice (left hand)
Wands
 u - a wand of acid (9)
 y - a wand of digging (9)
 D - a wand of flame (15)
Scrolls
 a - 2 scrolls of identify
 c - a scroll of magic mapping {unknown}
 e - 3 scrolls of teleportation
 h - a scroll of random uselessness {unknown}
 j - a scroll of amnesia {unknown}
 n - 2 scrolls of blinking {unknown}
 o - a scroll of fear {unknown}
 p - a scroll of immolation {unknown}
 v - a scroll of enchant weapon {unknown}
 x - a scroll of remove curse {unknown}
Potions
 d - a potion of lignification {unknown}
 f - 2 potions of might
 g - 2 potions of berserk rage {unknown}
 i - 7 potions of curing
 k - a potion of agility {unknown}
 m - 2 potions of haste {unknown}
 r - a potion of invisibility {unknown}
 s - a potion of ambrosia {unknown}
 z - a potion of brilliance {unknown}
 A - a potion of flight {unknown}
Comestibles
 b - 16 rations


   Skills:
 - Level 4.5 Fighting
 * Level 6.8 Dodging
 - Level 1.5 Stealth
 + Level 7.3 Unarmed Combat


You had 6 spell levels left.
You didn't know any spells.
Your spell library contained the following spells:

 Spells                   Type           Power        Failure   Level  Hunger
 Magic Dart               Conj           #...         43%         1    ##.....
 Conjure Flame            Conj/Fire      #.......     80%         3    ####...
 Slow                     Hex            #.......     56%         2    ###....
 Confuse                  Hex            #.......     80%         3    ####...
 Mephitic Cloud           Conj/Pois/Air  #.......     80%         3    ####...
 Blink                    Tloc           N/A          56%         2    ###....
 Call Imp                 Summ           #.......     56%         2    ###....
 Confusing Touch          Hex            #.....       43%         1    ##.....
 Metabolic Englaciation   Hex/Ice        #.........   100%        5    ######.
 Petrify                  Tmut/Erth      #.......     99%         4    #####..
 Gell's Gravitas          Tloc           #.........   80%         3    ####...
 Yara's Violent Unravell  Hex/Tmut       #.........   100%        5    ######.


Dungeon Overview and Level Annotations

Branches:
Dungeon (7/15)             Temple (0/1) D:6

Altars:
Hepliaklqana
Kikubaaqudgha
Ru
The Shining One

Shops:
D:5 [(!*


Innate Abilities, Weirdness & Mutations

You reflexively headbutt those who attack you in melee.
You have a pair of horns on your head.


Message History

You climb downwards.
The hornet stings you!
You feel yourself slow down. Something hits you.
Deactivating autopickup; reactivate with Ctrl-A.
The hornet completely misses you.
There is a stone staircase leading up, spattered with blood here.
You miss the hornet. You punch the hornet, but do no damage.
Something hits you! The hornet stings you.
You feel as though you will be slow longer.
The hornet stings you!
* * * LOW HITPOINT WARNING * * *
You feel as though you will be slow longer.
You feel much better. The hornet misses you. You furiously retaliate!
You headbutt the hornet. The hornet stings you!
You suddenly lose the ability to move!
Something hits you. Something hits you!
* * * LOW HITPOINT WARNING * * *
The hornet stings you!
* * * LOW HITPOINT WARNING * * *
You shrug off the repeated paralysis!
The hornet stings you!
You die...

#.#
#####+#.#
.......<#
###.....##
.<.......##
#.........#
+......{.!+
#.....{...#
#.....y@.##
#.#.....##
##...##
##+#


You could see a hornet.

Vanquished Creatures
  A centaur (D:5)
  Blork the orc (D:6)
  A bullfrog (D:6)
  A crimson imp (D:5)
  3 orc priests
  3 hounds (D:5)
  An orc wizard (D:5)
  Crazy Yiuf (D:3)
  A centaur skeleton (D:5)
  3 worker ants (D:5)
  5 adders
  4 worms
  An adder skeleton (D:5)
  A dart slug (D:1)
  A leopard gecko (D:3)
  20 orcs
  2 ball pythons
  12 bats
  9 giant cockroaches
  10 goblins
  8 hobgoblins
  4 jackals (D:3)
  2 quokkas
  7 frilled lizards
  A jackal skeleton (D:5)
  6 kobolds
  A leopard gecko zombie (D:5)
  A quokka skeleton (D:5)
  10 rats
121 creatures vanquished.

Notes
Turn   | Place    | Note
-------+----------+-------------------------------------------
     0 | D:1      | xccam the Minotaur Monk began the quest for the Orb.
     0 | D:1      | Reached XP level 1. HP: 19/19 MP: 0/0
   295 | D:1      | Reached XP level 2. HP: 19/27 MP: 1/1
   510 | D:1      | Reached skill level 4 in Unarmed Combat
   648 | D:1      | Reached XP level 3. HP: 22/33 MP: 2/2
   725 | D:2      | Found a sacrificial altar of Ru.
  1404 | D:3      | Found a runed door.
  1500 | D:3      | Reached XP level 4. HP: 32/41 MP: 3/3
  1508 | D:3      | Reached skill level 5 in Unarmed Combat
  1790 | D:3      | Found a glowing golden altar of the Shining One.
  2012 | D:3      | HP: 2/41 [poisoned by an adder]
  2608 | D:3      | Reached XP level 5. HP: 47/47 MP: 4/4
  2993 | D:3      | Noticed Crazy Yiuf
  3000 | D:3      | Killed Crazy Yiuf
  3281 | D:4      | Found a hazy altar of Hepliaklqana.
  3587 | D:5      | Entered Level 5 of the Dungeon
  3598 | D:5      | Reached skill level 6 in Unarmed Combat
  3901 | D:5      | Reached XP level 6. HP: 53/53 MP: 5/5
  3964 | D:5      | Reached skill level 5 in Dodging
  4060 | D:5      | Found Vusmu's General Store.
  4179 | D:5      | Reached XP level 7. HP: 50/60 MP: 6/6
  4206 | D:5      | Found Iheat's Antique Armour Emporium.
  4234 | D:5      | Reached skill level 7 in Unarmed Combat
  4280 | D:5      | Found Tuciolak's Antique Weapon Shop.
  4302 | D:5      | Found Gocaz's Distillery.
  4310 | D:5      | Bought a potion of heal wounds for 55 gold pieces
  4449 | D:6      | Noticed Blork the orc
  4491 | D:6      | Killed Blork the orc
  4496 | D:6      | Found a staircase to the Ecumenical Temple.
  4659 | D:6      | Found an ancient bone altar of Kikubaaqudgha.
  4893 | D:7      | Noticed a hornet
  5032 | D:7      | Paralysed by a hornet for 3 turns
  5033 | D:7      | Mangled by a hornet

Vault maps used:
D:1:      scummos_arrival_star, serial_curves, eino_curves_02, eino_curves_02
D:2:      nicolae_ru_awakened_eye
D:3:      tso_metal_star, uniq_crazy_yiuf_cottage
D:4:      overflow_temple_1_default
D:5:      serial_shops, shop, nicolae_shop_statue_plus, shop_fountains,
          shop_statue, first_ration
D:6:      kiku_gazebo_garden_becter, temple_fountains, serial_bayou_pond_a,
          uniq_blork_the_orc

Skill      XL: |  1  2  3  4  5  6  7 |
---------------+----------------------+-----
Fighting       | 4 |  4.5
Unarmed Combat | 4 5 6 7 |  7.3
Dodging        | 4 5 6 |  6.8
Stealth        | |  1.5

Action                   |  1- 3 |  4- 6 |  7- 9 || total
-------------------------+-------+-------+-------++-------
Melee: Unarmed           |   123 |   158 |    35 ||   316
       Headbutt          |    17 |    22 |     9 ||    48
       Punch             |       |     2 |     1 ||     3
  Use: Scroll            |       |     3 |       ||     3
       Potion            |       |       |     4 ||     4
 Stab: Sleeping          |     4 |     3 |       ||     7
  Eat: Chunk             |     2 |     8 |     2 ||    12
       Ration            |       |       |     1 ||     1
Armor: Skin              |       |     4 |       ||     4
Dodge: Dodged            |    80 |    83 |    23 ||   186

Table legend:
 A = Spawn XP
 B = Non-spawn XP
 C = Spawn XP percentage of total XP
 D = Spawn monster count
 E = Non-spawn monster count
 F = Spawn count percentage of total count
 G = Total turns spent on level
                    A         B        C        D         E        F      G
               +---------+---------+-------+---------+---------+-------+---------
         Total |       0 |    1085 |   0.0 |       0 |     121 |   0.0 |  5033
               +---------+---------+-------+---------+---------+-------+---------
           D:1 |       0 |      43 |   0.0 |       0 |      25 |   0.0 |   670
           D:2 |       0 |      40 |   0.0 |       0 |      21 |   0.0 |   673
           D:3 |       0 |     171 |   0.0 |       0 |      31 |   0.0 |  1707
           D:4 |       0 |      29 |   0.0 |       0 |      10 |   0.0 |   794
           D:5 |       0 |     560 |   0.0 |       0 |      26 |   0.0 |   577
           D:6 |       0 |     242 |   0.0 |       0 |       8 |   0.0 |   604
               +---------+---------+-------+---------+---------+-------+---------
